[Event "*** Titled Tuesday Blitz"]
[Site "Chess.com"]
[Date "2018.11.06"]
[Round "2"]
[White "kleinebeer98"]
[Black "Zhuu96"]
[Result "1/2-1/2"]
[WhiteElo "2622"]
[BlackElo "2867"]
[TimeControl "180+2"]
[EndTime "13:23:35 PST"]
[Termination "Game drawn - insufficient material"]

1. e4 c5 2. Nf3 Nc6 3. c3 e6 4. d4 d5 5. exd5 exd5 6. Bb5 c4 7. O-O Be7 8. Re1 Nf6 9. Ne5 Bd7 10. Bxc6 Bxc6 11. Qe2 Kf8 12. Bg5 h6 13. Bh4 Be8 14. Nd2 Qc7 15. f3 Bd6 16. Qf2 Nd7 17. f4 Kg8 18. Re2 f6 19. Nxd7 Bxd7 20. Rae1 Bf5 21. Qf3 Qf7 22. b3 cxb3 23. axb3 Kh7 24. c4 Rhe8 25.
c5 Rxe2 26. Rxe2 Bc7 27. Qe3 a5 28. Qe7 Qxe7 29. Rxe7 Bxf4 30. Bxf6 Kg6 31. Be5 Bxd2 32. Rxg7+ Kh5 33. h3 Kh4 34. Kh2 Bg5 35. g4 Bxg4 36.
hxg4 Rf8 37. Kg2 Kxg4 38. Rxb7 Rf3 39. c6 Rc3 40. c7 Rc2+ 41. Kg1 Be3+ 42. Kf1 Kf3 43.
c8=Q Rxc8 44. Rf7+ Ke4 45. Kg2 Bxd4 46. Bxd4 Kxd4 47.
Ra7 Rc5 48. Ra6 Rb5 49. Kf2 h5 50. Ke2 h4 51. Rh6 Rxb3 52. Rxh4+ Kc3 53. Rh5 Kc4 54.
Rh8 a4 55. Ra8 a3 56. Kd2 Rb2+ 57. Kc1 Rb3 58. Kc2 Rc3+ 59. Kd2 d4 60. Ra4+ Kc5 61.
Ra5+ Kb4 62. Ra8 Rc5 63. Kd3 Ra5 64. Rb8+ Ka4 65. Kc4 Ra7 66. Rb4+ Ka5 67. Kb3 Rd7 68. Kxa3 d3 69. Rb1 d2 70. Rd1 Kb5 71. Kb3 Kc5 72.
Kc2 Kb5 73. Rxd2 Rxd2+ 74. Kxd2 1/2-1/2

[Event "*** Titled Tuesday Blitz"]
[Site "Chess.com"]
[Date "2018.11.06"]
[Round "2"]
[White "vugarrasulov"]
[Black "GukeshDommaraju"]
[Result "1/2-1/2"]
[WhiteElo "2771"]
[BlackElo "2641"]
[TimeControl "180+2"]
[EndTime "13:23:35 PST"]
[Termination "Game drawn - insufficient material"]

1. e4 c6 2. d4 d5 3. Nc3 dxe4 4.
Nxe4 Nf6 5. Nc3 Bf5 6. Nf3 e6 7.
Bd3 Bxd3 8. Qxd3 Nbd7 9. O-O Be7 10. Ne4 Nxe4 11. Qxe4 Nf6 12. Qe2 O-O 13. Rd1 Qc7 14. c4 Rad8 15. b3 Rfe8 16. Bb2 c5 17. Rd3 cxd4 18.
Nxd4 a6 19. Rad1 Bc5 20. h3 Rd7 21. Nf3 Red8 22. Ne5 Rxd3 23. Rxd3 Rxd3 24. Nxd3 Bd6 25. Qf3 Nd7 26. g3 f5 27. Qe3 Kf7 28. Qd4 Nf6 29. c5 Be7 30. b4 Ke8 31. Qc4 Qd7 32. Nf4 Kf7 33. a4 g5 34. Nd3 Qd5 35. Ne5+ Ke8 36. Bd4 Qxc4 37. Nxc4 Nd5 38. b5 axb5 39. axb5 Nc7 40.
c6 b6 41. Bxb6 Nxb5 42. Kf1 Bd8 43. Be3 h6 44. Ke2 Bc7 45. Kd3 e5 46. f3 Ke7 47.
g4 f4 48. Bc5+ Ke6 49. Bf8 Nd4 50. Ke4 Nxc6 51. Bxh6 Nb4 52. Bxg5 Na6 53. Kd3 Nc5+ 54. Ke2 Kf7 55. Nd2 Kg6 56. Be7 Ne6 57. h4 Nd4+ 58. Kd3 Nc6 59. Bc5 Nd8 60. h5+ Kh7 61. Nc4 Ne6 62. Bd6 Bxd6 63. Nxd6 Ng5 64. Ke2 Kh6 65.
Nc4 e4 66. fxe4 Nxe4 67. Ne5 Ng3+ 68. Kf3 Nxh5 69. Nf7+ Kg6 70. Ne5+ Kh6 71. gxh5 Kxh5 72. Kxf4 1/2-1/2

[Event "*** Titled Tuesday Blitz"]
[Site "Chess.com"]
[Date "2018.11.06"]
[Round "2"]
[White "joppie2"]
[Black "Lagmantr"]
[Result "1/2-1/2"]
[WhiteElo "2678"]
[BlackElo "2523"]
[TimeControl "180+2"]
[EndTime "13:23:51 PST"]
[Termination "Game drawn - insufficient material"]

1. e4 c5 2. Nf3 d6 3. d4 cxd4 4.
Nxd4 Nf6 5. Nc3 a6 6. Be2 e5 7. Nf3 Be6 8. Ng5 Be7 9. Nxe6 fxe6 10.
O-O Nc6 11. Bc4 Qc8 12. Be3 b5 13. Bb3 Na5 14. Qd3 Nxb3 15. axb3 O-O 16. h3 Nd7 17. Rfd1 Nc5 18. Qe2 Qc6 19. Qg4 Rf6 20. b4 Rg6 21. Qe2 Nxe4 22. Qf3 d5 23. Nxe4 dxe4 24. Qh5 Qxc2 25.
Qxe5 Bxb4 26. Rac1 Qb3 27. Qxe4 Rf8 28. h4 Be7 29. Rd7 Qb4 30. Qxb4 Bxb4 31. h5 Rgf6 32. Rc6 e5 33. Rcc7 R6f7 34. h6 Rxd7 35. Rxd7 gxh6 36. Bxh6 Rf7 37. Rd8+ Bf8 38. Ra8 b4 39. Bxf8 Rxf8 40. Rxa6 Rc8 41. g3 Rc2 42. b3 Rc3 43.
Re6 Rxb3 44. Rxe5 Kf7 45. Rb5 Rb1+ 46. Kg2 b3 47. f4 Kf6 48. Kf3 b2 49. Rb6+ Kf7 50.
Kg2 h5 51. Kh2 Kg7 52. Kg2 Kf7 53. Rb5 Kg6 54. Rg5+ Kf6 55. Rb5 Kg6 56. Rb3 Kf5 57.
Rb8 Kf6 58. Rb5 Kg6 59. Kh2 Kf6 60. Rb6+ Kf5 61. Kg2 h4 62. Rb5+ Ke4 63. Rb4+ Kf5 64. Rb5+ Ke4 65. f5 hxg3 66. f6 Rc1 67. Rxb2 Rc6 68. f7 Rf6 69. Rb7 Ke5 70. Re7+ Kd6 71. Ra7 Ke6 72. Ra6+ Kxf7 73. Rxf6+ Kxf6 74. Kxg3 1/2-1/2

[Event "*** Titled Tuesday Blitz"]
[Site "Chess.com"]
[Date "2018.11.06"]
[Round "2"]
[White "TomsKantans"]
[Black "Rashad_Zeynalli"]
[Result "1-0"]
[WhiteElo "2507"]
[BlackElo "2397"]
[TimeControl "180+2"]
[EndTime "13:24:05 PST"]
[Termination "TomsKantans won by resignation"]

1. e4 e5 2. Nf3 Nc6 3. d4 exd4 4. Nxd4 Nf6 5. Nc3 Bb4 6. Nxc6 bxc6 7. Qd4 c5 8. Qe5+ Qe7 9. Qxe7+ Kxe7 10. Bd2 d6 11. f3 Be6 12. O-O-O Rhe8 13. Bb5 Bd7 14. Bxd7 Kxd7 15.
a3 Ba5 16. g4 Kc6 17. h4 Nd7 18. Nd5 Bxd2+ 19. Rxd2 Ne5 20. Rf1 a5 21. g5 Rab8 22.
Ne3 Rb7 23. h5 Reb8 24. c3 c4 25. Kb1 Kc5 26. Rff2 Nd3 27. Rh2 c6 28. Nf5 Rb3 29. Ka1 g6 30. hxg6 fxg6 31. Nd4 R3b7 32. b4+ axb4 33.
axb4+ Kb6 34. Ra2 c5 35. bxc5+ Kxc5 36. Ra5+ Kb6 37. Rha2 Nc5 38. Rb5+ Kc7 39. Rxb7+ Rxb7 40. Ra8 Nb3+ 41. Ka2 Nc1+ 42. Ka1 Nb3+ 43. Ka2 Nc1+ 44. Ka3 Kb6 45. Rd8 Kc7 46. Rh8 Kb6 47. Rc8 Nd3 48.
Rc6+ Ka5 49. Rxc4 Rb1 50. Rc6 Ra1+ 51. Kb3 Nc5+ 52. Kc4 Rg1 53. Rxd6 Na4 54. Rd5+ Ka6 55. Kd3 Nb2+ 56. Ke3 Nc4+ 57. Kf4 Rh1 58. Rc5 Nb6 59.
Ne6 Rh4+ 60. Ke3 Rh1 61. Rc7 Re1+ 62. Kf4 Rh1 63. Nf8 Kb5 64. Rxh7 Rc1 65. Nxg6 Rxc3 66.
Ne5 Rc8 67. g6 Rf8+ 68. Ke3 Re8 69. f4 Ra8 70. Rc7 Ra3+ 71. Kf2 Ra4 72. Kf3 Ra3+ 73. Kg4 Na8 74. Rc1 Ra2 75. Kf5 Rg2 76. Kf6 Nb6 77.
g7 Nc8 78. Rxc8 1-0

[Event "*** Titled Tuesday Blitz"]
[Site "Chess.com"]
[Date "2018.11.06"]
[Round "2"]
[White "Adham_Fawzy"]
[Black "Durarbayli"]
[Result "1/2-1/2"]
[WhiteElo "2656"]
[BlackElo "2716"]
[TimeControl "180+2"]
[EndTime "13:24:18 PST"]
[Termination "Game drawn - insufficient material"]

1. e4 Nf6 2. e5 Nd5 3. c4 Nb6 4. a4 d5 5. c5 N6d7 6. d4 e6 7. Nc3 b6 8. cxb6 axb6 9. f4 Ba6 10. Bxa6 Rxa6 11. Nf3 c5 12. Be3 Nc6 13. O-O g6 14.
Nb5 Be7 15. Qd3 Ra5 16. g4 Nb4 17. Qb1 c4 18. f5 Nd3 19. Ne1 Bg5 20. Bf2 Nxf2 21.
Kxf2 O-O 22. Nf3 exf5 23. gxf5 Bh6 24. Kg1 Qe7 25. Kh1 Rfa8 26. Qd1 Nf8 27. Nd6 b5 28. Nxb5 Qd7 29. e6 fxe6 30. Ne5 Qd8 31. fxg6 Qh4 32. gxh7+ Nxh7 33. Rg1+ Bg7 34. Rg4 Qh6 35. Qf3 Rf8 36.
Qg3 Nf6 37. Rg6 Ne4 38. Qg2 Rf2 39. Rxh6 Rxg2 40. Kxg2 Bxh6 41. Nc6 Ra6 42. Nb4 Rb6 43. Nc2 Bd2 44. Rg1 Kf7 45. Kf3 Rb8 46. Rb1 Rh8 47. Kg2 Rg8+ 48. Kf3 Rh8 49. Kg2 Ke7 50. b3 Bf4 51. h3 Rg8+ 52. Kf3 Nd2+ 53. Kxf4 Nxb1 54. bxc4 dxc4 55. Ke5 Rg5+ 56. Ke4 Rg2 57. Ne3 Ra2 58. Nxc4 Rxa4 59. Nbd6 Nd2+ 60. Nxd2 Kxd6 61. Nf3 Ra5 62.
h4 Rf5 63. Ng5 Ke7 64. Ke3 Kf6 65. Ke4 Rf1 66. Nf3 Rd1 67. Ne5 Re1+ 68. Kf4 Rf1+ 69. Ke4 Kg7 70. Ng4 Rf5 71. Nh2 Kg6 72. Nf3 Kh5 73.
Ng5 Rf1 74. Nxe6 Kxh4 75. d5 Kg4 76. d6 Re1+ 77. Kd5 Ra1 78. d7 Ra8 79. Kd6 Kf5 80. Ke7 Ra7 81. Ke8 Rxd7 82. Kxd7 1/2-1/2

[Event "*** Titled Tuesday Blitz"]
[Site "Chess.com"]
[Date "2018.11.06"]
[Round "2"]
[White "TastyFrenchFries"]
[Black "TST2014"]
[Result "1/2-1/2"]
[WhiteElo "2382"]
[BlackElo "2494"]
[TimeControl "180+2"]
[EndTime "13:24:31 PST"]
[Termination "Game drawn - insufficient material"]

1. Na3 d5 2. Nh3 e5 3. d3 Nf6 4. g3 h6 5. Bg2 Bg4 6. f3 Be6 7.
O-O Bc5+ 8. e3 Nc6 9. c3 a6 10. d4 Bd6 11. Nc2 Qd7 12. Nf2 g5 13.
a4 h5 14. e4 Rg8 15. Re1 O-O-O 16. b4 g4 17. b5 Na5 18. bxa6 bxa6 19. f4 exf4 20.
e5 fxg3 21. hxg3 h4 22. gxh4 g3 23. Nd3 Ne4 24. exd6 Qxd6 25. Bf4 Qe7 26. Ne5 Qxh4 27. Qf3 Nb3 28. Rad1 f6 29. Nc6 Bg4 30. Qd3 Bxd1 31.
Ne7+ Kb7 32. Rxd1 Qxf4 33. Rf1 Qh4 34. Rb1 Qh2+ 35. Kf1 c6 36. Rxb3+ Kc7 37. Nxg8 Rxg8 38. Qe3 Qh4 39. Rb1 Rg4 40. Ne1 Rf4+ 41. Nf3 Qg4 42.
Rc1 Kd6 43. c4 Qf5 44. cxd5 cxd5 45. Qa3+ Ke6 46. Ke2 Ng5 47. Rc6+ Kf7 48. Rc7+ Kg6 49. Nh4+ Rxh4 50. Qxg3 Rg4 51. Qf2 Rf4 52. Qe3 Qg4+ 53. Kd3 Re4 54. Bxe4+ dxe4+ 55. Kc3 Qf3 56. Kd2 Qg2+ 57.
Qe2 Qg3 58. Rc3 Qf4+ 59. Qe3 Qd6 60. Kc2 Qb4 61. d5 Qxa4+ 62. Kd2 Qa2+ 63. Rc2 Qxd5+ 64. Ke2 Qf5 65. Rc5 Qg4+ 66. Kd2 Nf3+ 67. Kc3 Qe6 68. Rc4 Qe5+ 69. Kb3 f5 70. Rc6+ Kh5 71. Qh6+ Kg4 72. Qg6+ Kf4 73. Qh6+ Kg3 74. Rxa6 Qd5+ 75. Kb4 Qd4+ 76.
Kb5 Qd3+ 77. Kb6 Qb3+ 78. Ka7 Kf2 79. Rf6 Qe3+ 80. Qxe3+ Kxe3 81. Rxf5 Kd3 82. Rd5+ Nd4 83. Kb6 e3 84. Kc5 e2 85. Rxd4+ Ke3 86. Kd5 e1=Q 87.
Re4+ Kf2 88. Rxe1 Kxe1 1/2-1/2

[Event "*** Titled Tuesday Blitz"]
[Site "Chess.com"]
[Date "2018.11.06"]
[Round "2"]
[White "Orest_Vovk"]
[Black "Me_ch_an"]
[Result "1-0"]
[WhiteElo "2427"]
[BlackElo "2248"]
[TimeControl "180+2"]
[EndTime "13:25:17 PST"]
[Termination "Orest_Vovk won by checkmate"]

1. g4 b6 2. Bg2 Nc6 3. h3 Bb7 4. d4 e6 5. Nc3 Na5 6. Bxb7 Nxb7 7. Nf3 c5 8. d5 Nf6 9. g5 Ng8 10. e4 Ne7 11. d6 Ng6 12. Nb5 Rc8 13. Nxa7 Nxd6 14.
Nxc8 Qxc8 15. Qe2 Be7 16. h4 h5 17. gxh6 gxh6 18. h5 Nf8 19. Bf4 Qc6 20. O-O-O Nxe4 21. Ne5 Qa4 22. f3 Nc3 23. bxc3 Qxf4+ 24. Kb2 Bf6 25. Nc4 d5 26. Rxd5 Be7 27. Re1 Nd7 28. a4 Nf6 29. Rd2 O-O 30. Kb3 Nd5 31. Rg1+ Bg5 32. Rd3 Qf6 33.
Qe5 Qxe5 34. Nxe5 Nf4 35. Rd7 Nxh5 36. Nd3 Kh8 37. Rb7 Be3 38. Rh1 Nf6 39. Ne5 Nd5 40.
Nxf7+ Kg7 41. Ng5+ Kg6 42. Nxe6 Rxf3 43. Nc7 Rf7 44.
Nxd5 Rxb7 45. Nxe3 b5 46. axb5 Rxb5+ 47. Kc4 Ra5 48.
Nd5 h5 49. Nf4+ Kg5 50. Nxh5 Ra4+ 51. Kd3 c4+ 52. Kd2 Ra2 53. Ng3 Kg4 54. Ne2 Kf3 55.
Rf1+ Ke4 56. Rf4+ Kd5 57. Rd4+ Kc5 58. Nf4 Rb2 59. Ne6+ Kc6 60. Ng7 Kc5 61. Nf5 Ra2 62.
Ne3 Ra4 63. Rh4 Kb5 64. Rh5+ Kc6 65. Rg5 Kd6 66. Nd1 Ra2 67. Rh5 Kc6 68. Rh4 Kc5 69. Rd4 Kb5 70. Kc1 Kc5 71. Kb1 Ra8 72. Nb2 Rb8 73.
Rxc4+ Kd5 74. Rb4 Rc8 75. Nd1 Kc5 76. Kb2 Rd8 77. Nf2 Rf8 78. Nd3+ Kc6 79. c4 Rh8 80. Kc3 Rh3 81. Rb5 Rg3 82. Rh5 Kb6 83. Rh6+ Kc7 84. Kb4 Rg2 85. c3 Rg1 86. c5 Rg3 87. Ne5 Rg5 88.
Rh7+ Kc8 89. Nc4 Rg4 90. Kb5 Rg1 91. c6 Rb1+ 92. Kc5 Rg1 93. Nd6+ Kd8 94. Rd7# 1-0

[Event "*** Titled Tuesday Blitz"]
[Site "Chess.com"]
[Date "2018.11.06"]
[Round "2"]
[White "dreamist"]
[Black "johnathan113"]
[Result "1-0"]
[WhiteElo "2682"]
[BlackElo "2515"]
[TimeControl "180+2"]
[EndTime "13:25:41 PST"]
[Termination "dreamist won on time"]

1. e4 c5 2. Nf3 g6 3. d4 cxd4 4. Qxd4 Nf6 5. Bb5 a6 6. e5 axb5 7. exf6 Nc6 8. fxe7 Qxe7+ 9. Qe3 Qxe3+ 10. Bxe3 Bg7 11.
c3 O-O 12. O-O b4 13. Rd1 d5 14. Nd4 Ne5 15. cxb4 Nc4 16. Nc3 Nxb2 17. Rdb1 Nc4 18. Nxd5 Nxe3 19. fxe3 Ra3 20. Rb3 Ra4 21. a3 Be6 22.
Nxe6 fxe6 23. Nc3 Ra6 24. Rd1 Rfa8 25. Nb5 Rb6 26. Nc3 Rba6 27. Nb1 b5 28. Rbd3 Bf6 29. Rd6 Kf7 30. Rxa6 Rxa6 31. Rd7+ Be7 32. Rb7 Rc6 33. Kf2 Rc1 34. Nd2 Ra1 35. Rxb5 Rxa3 36. Rb7 Ra2 37.
Ke2 Kf6 38. Kd3 Ra3+ 39. Kd4 e5+ 40. Ke4 Ra4 41. Rb6+ Kg7 42. Kxe5 Bxb4 43. Rb7+ Kh6 44. Ne4 Bf8 45. g4 Ra5+ 46. Kf4 g5+ 47. Kf3 Kg6 48. Rb6+ Kg7 49. Ng3 Bc5 50. Nf5+ Kf7 51. Rb7+ Kg8 52. h3 Bf8 53. Rd7 h5 54. Ng3 h4 55. Ne4 Bh6 56. Rd5 Ra2 57. Nxg5 Rh2 58. Ke4 Kf8 59. Kf5 Bxg5 60. Kxg5 Rxh3 61. e4 Ke7 62. Re5+ Kd6 63. Re8 Rh1 64. Rh8 h3 65. Kh4 h2 66.
Kg5 Re1 67. Rxh2 Rxe4 68. Rh7 Ke6 69. Rg7 Ra4 70. Rb7 Rc4 71. Ra7 Rb4 72. Rg7 Rc4 73. Kh6 Rd4 74. g5 Kf5 75. Rf7+ Ke6 76. Rf1 Rh4+ 77. Kg7 Rg4 78. g6 Ke7 79. Kh7 Rh4+ 80. Kg8 Rh3 81. g7 Rh4 82. Re1+ Kf6 83. Kf8 1-0

[Event "*** Titled Tuesday Blitz"]
[Site "Chess.com"]
[Date "2018.11.06"]
[Round "2"]
[White "Slovak_fighter2000"]
[Black "JeremDev"]
[Result "1/2-1/2"]
[WhiteElo "2295"]
[BlackElo "2307"]
[TimeControl "180+2"]
[EndTime "13:25:41 PST"]
[Termination "Game drawn - insufficient material"]

1. d4 Nf6 2. Nf3 c5 3. c3 b6 4.
Bf4 Bb7 5. e3 cxd4 6. exd4 d6 7.
Nbd2 e6 8. h3 Be7 9. Be2 O-O 10.
O-O Nbd7 11. a4 a6 12. Bh2 Re8 13. Qb3 Nf8 14. Nc4 Bd5 15. Qd1 Qc7 16. Ne3 Bb7 17. Nd2 Ng6 18. Bf3 Rec8 19. Bxb7 Qxb7 20. Qf3 Qxf3 21.
Nxf3 b5 22. axb5 axb5 23. Nc2 Nd5 24. Rxa8 Rxa8 25. Ra1 Rxa1+ 26. Nxa1 Ngf4 27. Bxf4 Nxf4 28. Kf1 d5 29. Ne1 b4 30. f3 bxc3 31. bxc3 h5 32. Nac2 h4 33. Ne3 f6 34. c4 dxc4 35. Nxc4 Kf7 36. Nb2 Bb4 37. Nbd3 Nxd3 38. Nxd3 Bc3 39. Nc5 Bxd4 40. Nb3 Bb6 41. Nd2 f5 42. Ke2 e5 43.
Nc4 Bc7 44. Ne3 Ke6 45. Nd1 Bb6 46. Nc3 Bd4 47. Na2 Kd5 48. Nb4+ Kc5 49. Na6+ Kc4 50. Nc7 g6 51. Ne6 Kd5 52. Nc7+ Kd6 53. Nb5+ Kc6 54. Na3 Kc5 55. Nc2 Kd5 56. Nb4+ Ke6 57. Nd3 Kf6 58. Nb4 Kg5 59. Nd5 Bc5 60. Kd3 Kh6 61. Kc4 Ba7 62. Kd3 Kg7 63. Nc7 Kf7 64. Nb5 Bb8 65. Na3 Kf6 66.
Nc4 Kg5 67. Ke2 Kf4 68. Ne3 Kg3 69. Kf1 Ba7 70. Nd5 e4 71. fxe4 fxe4 72. Ne7 g5 73. Nf5+ Kh2 74. Ng7 e3 75. Ne6 g4 76. hxg4 e2+ 77. Kxe2 Kxg2 78. g5 Bb8 79. g6 Be5 80. Ng5 Bf6 81. Nf3 h3 82. Ke3 h2 83. Nxh2 Kxh2 84.
g7 Bxg7 1/2-1/2

[Event "*** Titled Tuesday Blitz"]
[Site "Chess.com"]
[Date "2018.11.06"]
[Round "2"]
[White "GABUZYAN_CHESSMOOD"]
[Black "wadsy27"]
[Result "0-1"]
[WhiteElo "2758"]
[BlackElo "2355"]
[TimeControl "180+2"]
[EndTime "13:25:52 PST"]
[Termination "wadsy27 won on time"]

1. Nf3 Nf6 2. g3 d5 3. Bg2 c6 4. O-O Bf5 5. b3 Nbd7 6. Bb2 h6 7. d3 e6 8. Nbd2 a5 9. a3 Be7 10. e4 Bh7 11. e5 Ng8 12. Qe2 Bc5 13. b4 axb4 14.
axb4 Bxb4 15. Nb3 Rxa1 16. Rxa1 Ne7 17. c3 Bc5 18. Nxc5 Nxc5 19. Ba3 Nxd3 20. Rd1 O-O 21. Rxd3 Bxd3 22. Qxd3 Qd7 23. Nd4 Ra8 24. Nc2 b6 25. Bf1 c5 26. Kg2 Nc6 27. Qe3 Na5 28. Bc1 Qa4 29.
Bd3 Nc4 30. Qe2 Qb3 31. Bxc4 dxc4 32. Qd2 Ra2 33. Qd8+ Kh7 34. Bxh6 Qxc2 35. Be3 Qe4+ 36. Kh3 Ra8 37. Qxb6 Qf5+ 38. Kg2 Qxe5 39. Bxc5 Qe4+ 40. Kh3 Rc8 41. Be3 Qf5+ 42. Kg2 Qd5+ 43. Kh3 Rc6 44. Qb7 e5 45. Qb1+ e4 46. Kg2 Qf5 47. h3 Qf3+ 48.
Kh2 Rd6 49. Bd4 Rh6 50. Qf1 Re6 51. Qxc4 Rh6 52. Qf1 Qg4 53. Be3 Rh5 54. c4 Qf3 55. c5 Rd5 56. Qg2 Qxg2+ 57. Kxg2 Rd3 58. g4 Kg6 59.
Kg3 f5 60. Kf4 fxg4 61. hxg4 Rc3 62. Kxe4 Kf7 63. Kd5 Ke7 64. Kc6 Rc2 65. Kc7 Ke6 66.
g5 g6 67. Kc6 Ke5 68. Kd7 Kd5 69. Ke7 Ke5 70. Kf7 Kf5 71. Ke7 Ke5 72. Ke8 Ke6 73. Kd8 Kd5 74. Kd7 Rc4 75. Ke7 Ke5 76. Kf7 Kf5 77. Ke7 Ke5 78. Kd7 Kd5 79. Kc7 Rc2 80. Kd7 Rc4 81. Kc7 Rxc5+ 82. Kb6 Rc4 83. Kb5 Rc2 84.
Kb4 Ke4 85. Kb3 Rc8 86. Kb4 Rc7 87. Kb3 Kf3 88. Kb4 Re7 89. Kc3 Rxe3+ 90. fxe3 Kxe3 91. Kc2 Kf4 92. Kd2 Kxg5 93. Ke2 Kf4 94. Kf2 Kg4 95. Kf1 Kg3 96. Kg1 g5 97. Kh1 g4 98. Kg1 Kf3 99.
Kh2 Kf2 100. Kh1 Kg3 101. Kg1 Kh3 102. Kf2 g3+ 103. Kf1 Kh2 0-1

[Event "*** Titled Tuesday Blitz"]
[Site "Chess.com"]
[Date "2018.11.06"]
[Round "2"]
[White "Bryakin_Mikhail"]
[Black "GMHess"]
[Result "1/2-1/2"]
[WhiteElo "2685"]
[BlackElo "2674"]
[TimeControl "180+2"]
[EndTime "13:26:22 PST"]
[Termination "Game drawn - insufficient material"]

1. d4 d6 2. Nf3 Nf6 3. c4 g6 4. Nc3 Bf5 5. Ng5 h6 6. e4 Bg4 7. Nf3 Nc6 8. Be2 e5 9. d5 Bxf3 10. Bxf3 Nd4 11. Be3 Nxf3+ 12. Qxf3 Bg7 13. O-O O-O 14.
c5 Nh5 15. Rfd1 Kh7 16. Rac1 f5 17. exf5 Rxf5 18. Qg4 Nf4 19. Bxf4 Rxf4 20. Qe2 Qd7 21. Ne4 Raf8 22. c6 Qc8 23. cxb7 Qxb7 24. b3 R8f7 25. Rc6 Qb4 26. f3 g5 27. Qc4 Qxc4 28. Rxc4 g4 29. fxg4 Kg6 30. h3 Bf8 31. Rdc1 Be7 32. Ng3 Bg5 33. Nf5 Rxc4 34. Rxc4 h5 35. a4 hxg4 36. hxg4 Bf4 37. g3 Bd2 38. Kg2 Kg5 39. Kf3 a5 40.
Rc2 Bb4 41. Rh2 e4+ 42. Kxe4 Rf8 43. Rh4 Bc5 44. Kf3 Rb8 45. Rh5+ Kg6 46. Rh6+ Kg5 47. Rh5+ Kf6 48. Rh6+ Ke5 49. Rh7 Rxb3+ 50. Kg2 Kxd5 51. Rxc7 Rb4 52. g5 Ke5 53. Ne7 Rxa4 54. g6 Rg4 55. Kh3 Rg5 56. Kh4 Kf6 57. Ng8+ Kxg6 58. Ne7+ Kf6 59. Nc6 Bf2 60. Rc8 Bxg3+ 61. Kh3 Be1 62. Ra8 Rg3+ 63. Kh2 Ra3 64. Nd4 Bg3+ 65. Kg2 Be5 66.
Nc6 a4 67. Kf2 Ra1 68. Ke2 a3 69. Nb4 Rb1 70. Nd3 Rb3 71. Kd2 Ke6 72. Kc2 Rc3+ 73.
Kd2 Rb3 74. Kc2 Rc3+ 75. Kd2 Rc4 76. Nxe5 dxe5 77. Rxa3 Kf5 78. Ke3 Rh4 79. Ke2 Rh2+ 80. Ke1 Kf4 81. Rb3 e4 82. Ra3 Rh1+ 83. Ke2 Rh2+ 84. Ke1 Rb2 85. Kf1 Rd2 86. Ke1 Rh2 87. Kf1 Rc2 88. Ke1 Ke5 89. Kd1 Rg2 90. Ke1 Kd4 91.
Kf1 Rd2 92. Ke1 Rd3 93. Ra2 Ke3 94. Re2+ Kf3 95. Rf2+ Kg3 96. Rf8 Rf3 97. Rg8+ Kf4 98.
Ke2 Re3+ 99. Kf2 Rf3+ 100. Ke2 Ra3 101. Rf8+ Ke5 102. Re8+ Kd4 103. Rd8+ Kc5 104. Rc8+ Kd6 105. Rd8+ Ke7 106. Rh8 Kf6 107. Rh5 Rf3 108. Rb5 Rf5 109. Rxf5+ Kxf5 110. Ke3 Ke5 111. Ke2 Kf4 112. Kf2 e3+ 113. Ke2 Ke4 114. Ke1 Kd4 115. Ke2 Ke4 116. Ke1 Kd3 117. Kd1 Kc3 118. Ke2 Kd4 119. Ke1 Ke4 120. Ke2 Kd4 121. Ke1 Kd3 122. Kd1 e2+ 123. Ke1 Kc2 124. Kxe2 1/2-1/2

[Event "*** Titled Tuesday Blitz"]
[Site "Chess.com"]
[Date "2018.11.06"]
[Round "2"]
[White "Paralinch"]
[Black "731291"]
[Result "1-0"]
[WhiteElo "2840"]
[BlackElo "2567"]
[TimeControl "180+2"]
[EndTime "13:26:30 PST"]
[Termination "Paralinch won on time"]

1. e4 e6 2. d4 d5 3. exd5 exd5 4. Nf3 Nc6 5. Bb5 Bd6 6. c4 dxc4 7. d5 a6 8. Ba4 b5 9. dxc6 bxa4 10. O-O Ne7 11.
Qxa4 O-O 12. Nbd2 Rb8 13. a3 Ng6 14. Nxc4 Bc5 15. b4 Ba7 16. Be3 Bxe3 17. Nxe3 Nf4 18. Rfe1 Qf6 19. Qc2 Rb5 20. Rad1 Be6 21. Qe4 Rh5 22.
Rd4 Ng6 23. Red1 h6 24. h3 a5 25. Ng4 Bxg4 26. hxg4 Rb5 27. Rd5 Rxd5 28. Rxd5 axb4 29. axb4 Ra8 30. Rd1 Ra2 31. Qd4 Qxc6 32. g5 h5 33. Qe3 Kh7 34. Kh2 Qc4 35. Rd4 Qc2 36. Rd2 Qa4 37.
Rxa2 Qxa2 38. Qc5 Qe2 39. Qxc7 Qxf2 40. b5 Nh4 41. Qg3 Nxf3+ 42. Qxf3 Qb6 43. Qxh5+ Kg8 44. Qe2 Qc5 45. Qe8+ Kh7 46. Qe4+ g6 47. Qc6 Qxg5 48. Kg1 Qe3+ 49. Kf1 Qd3+ 50. Kf2 Qd2+ 51. Kf3 Qd3+ 52.
Kf4 Qd4+ 53. Kg3 Qe3+ 54. Kh2 Qf4+ 55. Kg1 Qe3+ 56. Kf1 Qd3+ 57. Ke1 Qe3+ 58. Kd1 Qd3+ 59. Kc1 Qe3+ 60. Kb2 Qd4+ 61. Kb3 Qd3+ 62. Kb4 Qd4+ 63. Qc4 Qd6+ 64. Ka4 Qd1+ 65. Ka5 Qa1+ 66. Kb6 Qf6+ 67.
Kb7 Qe7+ 68. Qc7 Qe4+ 69. Qc6 Qe7+ 70. Kc8 Qf8+ 71. Kc7 Qe7+ 72. Qd7 Qc5+ 73. Kb7 Kh6 74. b6 Qf2 75. Kc7 Qc5+ 76. Qc6 Qe7+ 77. Kc8 Qf8+ 78. Kb7 Qe7+ 79. Kb8 Qd8+ 80. Ka7 Qd4 81. Qe8 Kg5 82.
Qxf7 Qc5 83. Qc7 Qd4 84. Kb8 Qh8+ 85. Kb7 Qb2 86. Qc5+ Kh6 87. Qe3+ Kh5 88. Qh3+ Kg5 89. Qg3+ Kh5 90. Qf3+ Kg5 91. Qc6 Kh5 92. Qd5+ Kh6 93.
Kc6 Qc3+ 94. Kd6 Qf6+ 95. Kc5 Qf2+ 96. Qd4 Qf8+ 97. Kb5 Qf1+ 98. Kb4 Qxg2 99. Qh8+ Kg5 100. Qd8+ Kh5 101. Qh8+ Kg5 102. Qe5+ Kh6 103. Qf4+ Kh5 104. Kc5 g5 105. Qf7+ Kg4 106. b7 Qc2+ 107. Kd6 Qd3+ 108. Ke7 Qe4+ 109. Qe6+ 1-0

[Event "*** Titled Tuesday Blitz"]
[Site "Chess.com"]
[Date "2018.11.06"]
[Round "2"]
[White "Saitama_Hero"]
[Black "Koksik_13"]
[Result "1/2-1/2"]
[WhiteElo "2357"]
[BlackElo "2702"]
[TimeControl "180+2"]
[EndTime "13:30:44 PST"]
[Termination "Game drawn by 50-move rule"]

1. d4 e6 2. c4 Nf6 3. Nc3 d5 4. Nf3 Be7 5. e3 O-O 6. b3 b6 7. Bb2 Bb7 8. Bd3 Nbd7 9. Qc2 c5 10. O-O cxd4 11. exd4 Rc8 12. Rad1 dxc4 13. bxc4 Bxf3 14. gxf3 Bd6 15. Ne4 Nxe4 16. fxe4 Bf4 17. e5 Kh8 18. Kh1 Qh4 19. f3 f6 20. Rg1 fxe5 21.
Qg2 Qh6 22. Rge1 exd4 23. Bxd4 e5 24. Ba1 Nc5 25. Bc2 Rcd8 26. h3 Ne6 27. Qg4 Ng5 28. Kg2 Bd2 29. Rxe5 Nxf3 30. Rh5 Rf4 31. Rxh6 Rxg4+ 32. hxg4 Ne1+ 33. Kh1 Nxc2 34. Re6 Nxa1 35. Rxd2 Rf8 36. Rd7 h6 37. Kg2 Nc2 38. Ree7 Rg8 39.
Kf3 Rf8+ 40. Ke4 Rg8 41. Kf5 Nb4 42. Kg6 Nc6 43. Rxg7 Ne5+ 44. Kxh6 Nxg4+ 45. Rxg4 Rxg4 46. Rd8+ Rg8 47. Rd7 Rc8 48. Rxa7 Rc6+ 49. Kg5 Rxc4 50. Kg6 Rc6+ 51. Kg5 Kg8 52. Kf5 Kf8 53. Ke5 Rh6 54. Kd5 Ke8 55. Ke5 Kd8 56. Kd5 Kc8 57. Ra3 Kb7 58. Kc4 Kc6 59. Kb3 Rh2 60. Ra4 b5 61. Rg4 Kb6 62. Rg3 Ka5 63. Rf3 Rh4 64. Rg3 Rf4 65.
Kb2 Kb4 66. Rb3+ Kc4 67. Rc3+ Kb4 68. Rb3+ Ka5 69. Rg3 Rh4 70. Kb3 Re4 71. Rf3 Re1 72.
Rg3 Rf1 73. Re3 Kb6 74. Rh3 Rf6 75. Re3 Rh6 76. Rg3 Kc5 77. Re3 Rd6 78. Rg3 Rd4 79. Rf3 Kb6 80. Rg3 Ka6 81. Rf3 Ka5 82. Rg3 Rb4+ 83. Ka3 Rb1 84. Rg5 Kb6 85. Rg4 Ka6 86. Rb4 Rf1 87. Rb3 Ka5 88. Re3 Rb1 89. Re5 Kb6 90. Re4 Kc5 91. Re5+ Kd4 92. Re2 Kc3 93. Re3+ Kd4 94. Rb3 Rf1 95. Rxb5 Kc4 96. Rb4+ Kc5 97. Rb3 Rf2 98. Rb2 Rf3+ 99. Rb3 Rf2 100.
Rc3+ Kb5 101. Rg3 Rf5 102. Rg4 Rf3+ 103. Kb2 Rf2+ 104. Kb3 Rf3+ 105. Kb2 Kc5 106. a4 Rf5 107. Kb3 Rf3+ 108. Kb2 Rh3 109. Kc2 Kb6 110. Kb2 Rd3 111. Ka2 Rd7 112. Kb3 Ka6 113. Kb4 Rd6 114. Rc4 Rd1 115. Rc6+ Kb7 116. Rc5 Rb1+ 117. Kc4 Ka6 118. Rb5 Rf1 119. Kb4 Rf4+ 120. Kb3 Rg4 121. Rb4 Rg3+ 122. Kc4 Ka5 123. Rb8 Rg4+ 124. Kc5 Kxa4 125. Ra8+ Kb3 126. Rd8 Kc3 127. Rd5 Ra4 128. Kd6 Kc4 129. Rc5+ Kb4 130. Rd5 Ra1 131. Ke5 Kc4 132. Rd4+ Kc3 133. Rd5 Re1+ 134. Kd6 Kc4 135. Rc5+ Kb4 136. Rd5 Re2 137. Re5 Rh2 138. Rd5 Rh6+ 139. Ke5 Kc4 140. Rd4+ Kc3 141. Re4 Kd3 142. Rd4+ Kc3 143. Re4 Rh8 144. Kf5 Kd3 145. Re6 Kd4 146. Re4+ Kd3 147. Re5 Rf8+ 148. Ke6 Kd4 149. Rd5+ Kc4 150. Rf5 Ra8 151. Ke5 Re8+ 152. Kf4 Kd4 153. Rf7 Re6 154. Rd7+ Kc3 155. Kf5 Re1 156. Rc7+ Kd4 157. Rd7+ Kc5 158. Rc7+ Kd6 159. Rc2 Kd5 160. Rd2+ Kc4 161. Kf4 Re8 162. Rf2 Kd3 163. Rf3+ Kd4 164. Kg3 Ke4 165. Rf4+ Ke5 166. Rf3 Kd5 167. Rd3+ Ke4 168. Ra3 Rg8+ 169. Kf2 Kd4 170. Ra4+ Kc3 171. Ra3+ Kb4 172. Rg3 Rh8 173. Kf3 Kc5 174. Rg4 Kd5 175. Rg5+ 1/2-1/2

[Event "*** Titled Tuesday Blitz"]
[Site "Chess.com"]
[Date "2018.11.06"]
[Round "3"]
[White "TheBigBadChessDad"]
[Black "IvanRadivojevic"]
[Result "1-0"]
[WhiteElo "2289"]
[BlackElo "2406"]
[TimeControl "180+2"]
[EndTime "13:32:37 PST"]
[Termination "TheBigBadChessDad won by resignation"]

1. d4 Nf6 2. Nf3 d6 3. Bg5 Bg4 4.
Bxf6 gxf6 5. g3 Bxf3 6. exf3 Nd7 7. d5 c6 8. c4 c5 9. Nc3 f5 10. Bd3 Ne5 11. Bc2 Nxc4 12. Ba4+ Qd7 1-0

[Event "*** Titled Tuesday Blitz"]
[Site "Chess.com"]
[Date "2018.11.06"]
[Round "3"]
[White "Godzillator"]
[Black "CarlssonLudvig"]
[Result "1-0"]
[WhiteElo "2380"]
[BlackElo "2257"]
[TimeControl "180+2"]
[EndTime "13:32:50 PST"]
[Termination "Godzillator won by resignation"]

1. d4 Nf6 2. c4 e6 3. Nc3 Bb4 4. Qc2 c5 5. dxc5 Bxc5 6. Nf3 Qb6 7. e3 Qc7 8. a3 a6 9. b4 Be7 10. Bb2 b6 11. Bd3 Bb7 12. O-O d6 13. Rac1 Nbd7 14. Ne4 O-O 15. Nxf6+ Nxf6 16. Bxf6 Bxf6 17.
Bxh7+ Kh8 18. Be4 Rac8 19. Bxb7 Qxb7 20. Qd3 g6 21. Qxd6 Kg7 22. c5 bxc5 23. bxc5 1-0